 Dungeon Crawl Stone Soup version 0.30.2 (webtiles) character file.

Game seed: 14269768383830268583

77 porpoise the Shooter (level 4, -5/35 HPs)
             Began as a Barachi Hunter on Jan 27, 2024.
             Slain by Duvessa
             ... wielding a +0 short sword
              (7 damage)
             ... on level 4 of the Dungeon.
             The game lasted 00:06:36 (2560 turns).

porpoise the Shooter (Barachi Hunter)               Turns: 2560, Time: 00:06:37

Health: -5/35      AC:  4    Str: 13    XL:     4   Next: 33%
Magic:  4/4        EV: 12    Int:  9    God:
Gold:   126        SH:  0    Dex: 17    Spells: 3/3 levels left

rFire   . . .        a - +0 shortbow
rCold   . . .        (shield currently unavailable)
rNeg    . . .        c - +0 leather armour
rPois   +            l - +0 hat
rElec   .            n - +0 cloak
rCorr   .            (no gloves)
SInv    .            (no boots)
Will    .....        (no amulet)
Stlth   ++           e - ring of poison resistance
HPRegen 0.25/turn    (no ring)
MPRegen 0.09/turn

%: no passive effects
@: slow
A: amphibious, slowness 1, strong legs 1, +LOS
a: Hop


You were on level 4 of the Dungeon.
You visited 1 branch of the dungeon, and saw 4 of its levels.

You collected 126 gold pieces.

Inventory:

Hand Weapons
 a - a +0 shortbow (weapon)
 b - a +0 short sword
 j - a +0 rapier
Armour
 c - a +0 leather armour (worn)
 k - a +0 ring mail
 l - a +0 hat (worn)
 n - a +0 cloak (worn)
Jewellery
 e - a ring of poison resistance (left hand)
Scrolls
 d - a scroll of identify
 g - 2 scrolls of immolation
 h - a scroll of teleportation
 i - a scroll of blinking {unknown}
 o - a scroll of vulnerability {unknown}
Potions
 f - a potion of brilliance
 m - a potion of lignification
 p - a potion of curing
 q - a potion of resistance


   Skills:
 + Level 3.3 Fighting
 * Level 4.9 Ranged Weapons
 - Level 2.1 Dodging
 + Level 2.0 Stealth


You had 3 spell levels left.
You didn't know any spells.
Your spell library contained the following spells:

 Spells                   Type           Power      Damage    Failure   Level
 Blink                    Tloc           0%         N/A       61%         2
 Lesser Beckoning         Tloc           0%         N/A       61%         2
 Momentum Strike          Conj/Tloc      0%         3d8       61%         2
 Gell's Gravitas          Tloc           0%         N/A       83%         3
 Teleport Other           Tloc           0%         N/A       83%         3
 Dispersal                Tloc           0%         N/A       100%        6


Dungeon Overview and Level Annotations

Branches:
Dungeon (4/15)
 Temple: D:4-7

Altars:
Makhleb
Qazlal
Sif Muna

Shops:
D:3 (

Annotations:
D:3 2 transporters, porpoise's ghost, amateur MiHs
D:4 Dowan; Duvessa


Innate Abilities, Weirdness & Mutations

You are amphibious.
You cover ground slowly.
You can hop short distances.
You have an extended range of vision and can be seen from far away.


Message History

HP restored.
You see here a ball python corpse.
You now have 126 gold pieces (gained 15).
Found a stone.
Duvessa and Dowan come into view.
Duvessa shouts!
You shoot an arrow.
The arrow hits Duvessa but does no damage.
Dowan casts a spell at something.
Okay, then.
You shoot an arrow.
The arrow hits Duvessa but does no damage.
You shoot an arrow. The arrow hits Duvessa.
Duvessa is lightly wounded.
Duvessa closely misses you. Duvessa hits you with a +0 short sword.
You shoot an arrow. The arrow hits Duvessa!
Duvessa is moderately wounded.
Duvessa hits you with a +0 short sword. x2
You shoot an arrow. The arrow hits Duvessa.
Duvessa is moderately wounded.
Duvessa hits you with a +0 short sword! Duvessa closely misses you.
You are too injured to fight recklessly!
You are too injured to fight recklessly!
You are too injured to fight recklessly!
You are too injured to fight recklessly!
You shoot an arrow. The arrow barely misses Duvessa.
The arrow hits Dowan!
Dowan is heavily wounded.
Duvessa closely misses you.
Dowan gestures wildly while chanting.
Dowan blinks!
Duvessa hits you with a +0 short sword!
* * * LOW HITPOINT WARNING * * *
You shoot an arrow.
The arrow hits Duvessa but does no damage.
Duvessa is moderately wounded.
Duvessa hits you with a +0 short sword!
* * * LOW HITPOINT WARNING * * *
Duvessa misses you.
You shoot an arrow. The arrow completely misses Duvessa.
Duvessa hits you with a +0 short sword!
You die...

#...............##
#........#......##
.####........#......##
..
#..#...........#......##
.
#..#.##.................
###
#..#.##........#......##
..
#..#.##........#......#
#
#..#.##e###.####......#
#
#....##@###.####......#
#
###.#..........#####.###
# #.†.†..........# #.# #
#.#.#.)........# #.# #
#### #.#............#
#.## #
##.######.########.#####
#..###
...........<.....#+#
##....
#########.##.....#
########. ....# #.#
....# .........


You could see Duvessa (fast).

Vanquished Creatures
  2 adders (D:3)
  2 dart slugs
  An orc (D:4)
  4 ball pythons
  5 bats
  8 endoplasms
  2 giant cockroaches
  4 goblins
  5 hobgoblins
  4 quokkas
  4 frilled lizards
  4 kobolds
  2 rats
47 creatures vanquished.

Notes
Turn   | Place    | Note
-------+----------+-------------------------------------------
     0 | D:1      | porpoise the Barachi Hunter began the quest for the Orb.
     0 | D:1      | Reached XP level 1. HP: 17/17 MP: 1/1
    46 | D:1      | Reached skill level 1 in Stealth
   160 | D:1      | Reached XP level 2. HP: 23/23 MP: 2/2
   756 | D:2      | Found a stormy altar of Qazlal.
   783 | D:2      | Reached XP level 3. HP: 28/28 MP: 3/3
  1299 | D:2      | Found a faded altar of an unknown god.
  1679 | D:3      | Noticed porpoise's ghost (amateur MiHs)
  1680 | D:3      | Found a transporter.
  1824 | D:3      | Found a transporter.
  1847 | D:3      | Found a burning altar of Makhleb.
  1848 | D:3      | Found a shimmering blue altar of Sif Muna.
  2107 | D:3      | Reached XP level 4. HP: 35/35 MP: 4/4
  2107 | D:3      | Found Teilan's Antique Weapon Boutique.
  2546 | D:4      | Noticed Duvessa
  2546 | D:4      | Noticed Dowan
  2559 | D:4      | HP: 1/35 [Duvessa/+0 short sword (7)]
  2560 | D:4      | Slain by Duvessa

Illustrated notes

Levels and vault maps discovered:
D:1:      sevenhm_arrival_forest_fort_large_4, layout_basic,
          minmay_misc_feat_cross
D:2:      cheibrodos_helix_gallery, layout_basic, basic_altar,
          shapermc_ecumenical_altar_hornbeckon
D:3:      layout_loops_corners, mainiacjoe_overflow_catwalk_spiral,
          gammafunk_ghost_stat_death, serial_shops, shop
D:4:      layout_basic, ashenzari_conservatory_becter, serial_shops,
          nicolae_stop_n_shop_2, uniq_duvessa, uniq_grinder

Skill      XL: |  1  2  3  4 |
---------------+-------------+-----
Stealth        | 1 2 |  2.0
Fighting       | 3 |  3.3
Ranged Weapons | |  4.9
Dodging        | |  2.1

Action                     |  1- 3 |  4- 6 || total
---------------------------+-------+-------++-------
   Fire: Shortbow          |    80 |    24 ||   104
    Use: Scroll            |     1 |     4 ||     5
 Armour: Leather armour    |     5 |     2 ||     7
  Dodge: Dodged            |    10 |     6 ||    16
